 Dungeon Crawl Stone Soup version 0.22.1 (webtiles) character file.

135 MalarOregon the Chopper (level 5, -1/47 HPs)
             Began as a Hill Orc Fighter on Sept 18, 2018.
             Slain by an orc
             ... wielding a +0 mace
              (5 damage)
             ... on level 3 of the Dungeon.
             The game lasted 00:02:19 (1418 turns).

MalarOregon the Chopper (Hill Orc Fighter)          Turns: 1418, Time: 00:02:19

Health: -1/47      AC:  8    Str: 19    XL:     5   Next: 18%
Magic:  5/5        EV:  7    Int:  9    God:
Gold:   101        SH:  9    Dex: 10    Spells: 4/4 levels left

rFire    . . .     SeeInvis .   a - +0 war axe
rCold    . . .     Gourm    .   c - +0 shield
rNeg     . . .     Faith    .   b - +0 scale mail
rPois    .         Spirit   .   (no helmet)
rElec    .         Reflect  .   j - +0 cloak
rCorr    .         Harm     .   (no gloves)
MR       .....                  (no boots)
Stlth    ..........             (no amulet)
HPRegen  0.15/turn              (no ring)
MPRegen  0.09/turn              (no ring)

@: no status effects
A: no striking features
a: Convert to Beogh


You were on level 3 of the Dungeon.
You were not hungry.

You visited 1 branch of the dungeon, and saw 3 of its levels.

You collected 101 gold pieces.

Inventory:

Hand Weapons
 a - a +0 war axe (weapon)
Armour
 b - a +0 scale mail (worn)
 c - a +0 shield (worn)
 j - a +0 cloak (worn)
   (You found it on level 2 of the Dungeon)
Scrolls
 h - a scroll of remove curse {unknown}
 k - 2 scrolls of identify {unknown}
 l - a scroll of immolation {unknown}
 m - a scroll of fear {unknown}
Potions
 d - a potion of might
 g - a potion of berserk rage {unknown}
 i - a potion of brilliance {unknown}
 n - a potion of haste {unknown}
Comestibles
 e - 5 rations {!d}
 f - 2 chunks of flesh


   Skills:
 + Level 4.4 Fighting
 * Level 4.7 Axes
 + Level 4.1 Armour
 + Level 4.0 Shields


You had 4 spell levels left.
You didn't know any spells.
Your spell library was empty.

Dungeon Overview and Level Annotations

Branches:
Dungeon (3/15)

Altars:


Message History

You block the orc's attack.
You hit the orc but do no damage. You block the orc's attack.
The orc priest invokes the aid of Beogh against you.
Beogh smites you!
Your shield and scale mail prevent you from hitting the orc.
You feel sick. The orc hits you but does no damage.
You hit the orc. You block the orc's attack.
The orc priest casts a cantrip, but nothing happens.
You block the orc's attack.
You closely miss the orc. The orc hits you but does no damage.
You closely miss the orc.
You feel sick.
The orc priest shouts, "Surrender to Beogh and we'll let you live!"
The orc hits you with a falchion.
* * * LOW HITPOINT WARNING * * *
The orc priest shouts, "Beogh is our master!
Accept the truth or die!"
You slash the orc!
You kill the orc!
The orc priest hits you but does no damage.
You barely miss the orc priest.
The orc priest looks satisfied for a moment.
The orc priest hits you but does no damage.
The orc priest shouts, "Beogh is our master!
Accept the truth or die!"
The orc priest shouts, "Join the one true god or die!"
You hit the orc priest.
The orc priest shouts, "Join the one true god or die!"
You feel sick.
You are no longer poisoned.
The orc priest looks satisfied for a moment.
The orc priest barely misses you.
The orc priest shouts, "Join the one true god or die!"
You slash the orc priest!
The orc priest hits you but does no damage.
Some of the chunks of flesh in your inventory have rotted away.
You closely miss the orc priest. The orc priest hits you with a club.
* * * LOW HITPOINT WARNING * * *
You hit the orc priest. The orc priest barely misses you.
The orc priest looks satisfied for a moment.
The orc priest mumbles some strange prayers to Beogh against you.
Beogh smites you!
* * * LOW HITPOINT WARNING * * *
You slash the orc priest!
You kill the orc priest!
Your Shields skill increases to level 4!
You have reached level 5!
You feel stronger.
Your shield and scale mail prevent you from hitting the orc.
The orc hits you with a mace.
* * * LOW HITPOINT WARNING * * *
The orc hits you with a mace.
You die...

#.##.#.......#.#.#.#.###.###
#.##.#.#######.......#
#......# ####..### ###...##
##.# #...####### #.#
#)........# #.#
#####....####.# #.#
##....÷......#.######.#
÷...............@oo##.#
##...........#.###.##.#
#####....####.##.....# ..
#.........##o..###....
#...########.#.....# #...#
#...##### ##.## #S### ..
#..(..... #o.####..


You could see an orc priest and an orc.

Vanquished Creatures
  An orc priest (D:3)
  5 adders
  A worm (D:2)
  A dart slug (D:2)
  A leopard gecko (D:3)
  An orc (D:3)
  A ball python (D:2)
  4 bats
  4 giant cockroaches
  11 goblins
  10 hobgoblins
  4 kobolds
  3 frilled lizards
  5 rats
52 creatures vanquished.

Notes
Turn   | Place    | Note
-------+----------+-------------------------------------------
     0 | D:1      | MalarOregon the Hill Orc Fighter began the quest for the
                  | Orb.
     0 | D:1      | Reached XP level 1. HP: 19/19 MP: 1/1
   110 | D:1      | Reached XP level 2. HP: 21/27 MP: 2/2
   596 | D:2      | Reached XP level 3. HP: 33/33 MP: 3/3
   734 | D:2      | Reached XP level 4. HP: 30/40 MP: 4/4
  1417 | D:3      | Reached XP level 5. HP: 5/47 MP: 5/5
  1418 | D:3      | Slain by an orc

Skill      XL: |  1  2  3  4 |
---------------+-------------+-----
Axes           | 3 4 |  4.7
Fighting       | 4 |  4.4
Armour         | 4 |  4.1
Shields        | 4 |  4.0

Action                   |  1- 3 |  4- 6 || total
-------------------------+-------+-------++-------
Melee: War axe           |    85 |    72 ||   157
  Eat: Chunk             |       |     2 ||     2
Armor: Scale mail        |    24 |    37 ||    61
Dodge: Dodged            |    25 |    14 ||    39
Block: Shield            |    36 |    32 ||    68
